[Event "*** Titled Tuesday 3|2 Blitz"]
[Site "Chess.com"]
[Date "2016.02.02"]
[Round "8"]
[White "arnacman"]
[Black "Zkid"]
[Result "0-1"]
[WhiteElo "2253"]
[BlackElo "2439"]
[TimeControl "180+2"]
[EndTime "12:45:24 PST"]
[Termination "Zkid won by checkmate"]

1. e4 c5 2. Nf3 e6 3. d4 cxd4 4. Nxd4 a6 5. Nc3 Qc7 6. Be3 Bb4 7. Bd2 Nf6 8. Bd3 Nc6 9. Nxc6 bxc6 10. O-O Be7 11.
Qe2 d5 12. e5 Nd7 13. f4 c5 14. b3 Bb7 15. Na4 g6 16. Rae1 h5 17. c4 d4 18.
Be4 Bc6 19. Ba5 Qb7 20. Qf3 Rc8 21. Nb2 Bd8 22. Bxd8 Bxe4 23. Rxe4 Rxd8 24. Nd3 Qc7 25. Re2 Nb6 26. Nf2 Nc8 27. Ne4 Ne7 28. Qf2 Nf5 29.
Rd2 Qc6 30. Qf3 Ke7 31. Re1 a5 32. g3 Ra8 33. a4 Rab8 34. Rb2 Rb4 35. Qd3 Rhb8 36.
h3 Rxa4 37. g4 hxg4 38. hxg4 Ne3 39. f5 gxf5 40. gxf5 exf5 41. Nd6 Rh8 42. Rh2 Rxh2 43. Kxh2 Qg2# 0-1

[Event "*** Titled Tuesday 3|2 Blitz"]
[Site "Chess.com"]
[Date "2016.02.02"]
[Round "8"]
[White "FairChess_on_YouTube"]
[Black "tigra"]
[Result "1-0"]
[WhiteElo "2721"]
[BlackElo "2403"]
[TimeControl "180+2"]
[EndTime "12:45:29 PST"]
[Termination "FairChess_on_YouTube won by resignation"]

1. d4 Nf6 2. c4 e6 3. Nf3 c5 4. g3 cxd4 5. Nxd4 Qa5+ 6. Nc3 Bb4 7. Bd2 Qb6 8. e3 Nc6 9. a3 Bxc3 10. Bxc3 Ne4 11. Qc2 Nxc3 12. Qxc3 Nxd4 13. exd4 d5 14. c5 Qc7 15. b4 O-O 16. Be2 Bd7 17. O-O b5 18. a4 a6 19. axb5 Bxb5 20. Bxb5 axb5 21. Ra5 Rxa5 22. bxa5 Qc6 23. Qb4 h6 24. Rb1 Rb8 25. Kf1 Kf8 26. Ke1 Ke7 27. Kd2 Kd7 28. Ra1 Ra8 29.
Rb1 Rb8 30. Ra1 Ra8 31. Qa3 Ra6 32. Kc3 Kc8 33. Kb4 Kb8 34. Qd3 Ra7 35. Qh7 e5 36. Qg8+ Kb7 37. a6+ Rxa6 38. Qxf7+ Kb8 39. Qf8+ Kb7 40.
Qxg7+ Ka8 41. Qg8+ Kb7 42. Rxa6 Kxa6 43. dxe5 d4 44. Qd8 Qg6 1-0

[Event "*** Titled Tuesday 3|2 Blitz"]
[Site "Chess.com"]
[Date "2016.02.02"]
[Round "8"]
[White "oskariot"]
[Black "GianmarcoVaR"]
[Result "0-1"]
[WhiteElo "2312"]
[BlackElo "2250"]
[TimeControl "180+2"]
[EndTime "12:45:45 PST"]
[Termination "GianmarcoVaR won by resignation"]

1. e4 c6 2. d4 d5 3. e5 Bf5 4. Nf3 e6 5. Be2 Ne7 6. O-O h6 7. Nbd2 Nd7 8. Nb3 Qc7 9. a4 g5 10. Ne1 Bg7 11. Be3 O-O 12. f4 f6 13. exf6 Bxf6 14. Bd3 g4 15. h3 h5 16. hxg4 hxg4 17. Be2 g3 18. Bd3 Rf7 19. Qf3 Rg7 20. Bxf5 Nxf5 21. Nd3 Kf7 22. Qh5+ Ke7 23. Rfe1 Qd8 24. Ne5 Bxe5 25. fxe5 Qg8 26. Nd2 Rf8 27. Nf3 Nxe3 28.
Rxe3 Rg4 29. Nh4 Qg7 30. Rf3 Rh8 31. Rf7+ Qxf7 32. Qxg4 Qf2+ 33. Kh1 Kd8 34. Qg5+ Kc7 35. b4 Qxd4 0-1

[Event "*** Titled Tuesday 3|2 Blitz"]
[Site "Chess.com"]
[Date "2016.02.02"]
[Round "8"]
[White "Grootneus"]
[Black "MasterLeif"]
[Result "0-1"]
[WhiteElo "2018"]
[BlackElo "2321"]
[TimeControl "180+2"]
[EndTime "12:45:48 PST"]
[Termination "MasterLeif won by resignation"]

1. e4 e5 2. Nf3 Nc6 3. Bb5 Nd4 4. Nxd4 exd4 5. d3 c6 6. Bc4 Nf6 7. O-O d5 8. exd5 Nxd5 9. Qf3 Be6 10. Nd2 Be7 11.
a4 O-O 12. Nb3 c5 13. a5 Qd7 14. Bd2 Rfe8 15. Rfe1 b6 16. axb6 axb6 17. Rxa8 Rxa8 18. Bxd5 Bxd5 19. Rxe7 Qxe7 20. Qxd5 Ra2 21. Kf1 Rxb2 22. Qa8+ Qf8 23. Qxf8+ Kxf8 24. Ke2 Rxc2 25. Kd1 Rb2 26. Nc1 Ke7 27. Ne2 Ke6 28. Bc1 Ra2 29. Bf4 b5 30.
Bc7 Kd5 31. g3 c4 32. dxc4+ bxc4 33. Bb6 Ra1+ 34. Nc1 c3 35. Kc2 Kc4 36. Bxd4 Rxc1+ 37. Kxc1 Kxd4 38. Kc2 Kc4 39. f3 Kd4 40. h3 f5 41. h4 h5 42. f4 g6 43. Kc1 Ke4 44. Kc2 Kf3 45. Kxc3 Kxg3 0-1

[Event "*** Titled Tuesday 3|2 Blitz"]
[Site "Chess.com"]
[Date "2016.02.02"]
[Round "8"]
[White "Colombiano07"]
[Black "AndrewMcStone"]
[Result "1-0"]
[WhiteElo "2171"]
[BlackElo "2003"]
[TimeControl "180+2"]
[EndTime "12:45:53 PST"]
[Termination "Colombiano07 won by resignation"]

1. d4 Nf6 2. Bf4 d6 3. Nf3 g6 4. e3 Bg7 5. h3 O-O 6. Be2 c5 7. O-O Qb6 8. Nbd2 Qxb2 9. Nc4 Qb4 10. Rb1 Qa4 11. c3 Qxd1 12. Rfxd1 Nd5 13. Rb3 Nxf4 14. exf4 cxd4 15. cxd4 b6 16. Ne3 Bb7 17. Rc1 Nc6 18. d5 Na5 19. Rbb1 Rac8 20. Bb5 h6 21. g4 Bc3 22. Bc6 Bg7 23. Bxb7 Nxb7 24. Kf1 Nc5 25. Ke2 Ne4 26. Nd1 Nc3+ 27. Nxc3 Bxc3 28. Kd3 Bg7 29. a4 Rfd8 30. a5 Rxc1 31. Rxc1 bxa5 32. Rc7 Ra8 33. Rxe7 Kf8 34. Rd7 Bf6 35. Rxd6 a6 36. Rxf6 1-0

[Event "*** Titled Tuesday 3|2 Blitz"]
[Site "Chess.com"]
[Date "2016.02.02"]
[Round "8"]
[White "BahadirOzen"]
[Black "kleinebeer98"]
[Result "0-1"]
[WhiteElo "2498"]
[BlackElo "2457"]
[TimeControl "180+2"]
[EndTime "12:46:08 PST"]
[Termination "kleinebeer98 won by resignation"]

1. d4 d5 2. c4 c6 3. Nc3 Nf6 4. e3 g6 5. Nf3 Bg7 6. Be2 O-O 7. O-O dxc4 8. Bxc4 Nbd7 9. e4 b5 10. Bd3 e5 11.
dxe5 Ng4 12. e6 fxe6 13. h3 Nge5 14. Nxe5 Nxe5 15. Be2 Qc7 16. Be3 a5 17. Rc1 Nc4 18. Bxc4 bxc4 19. Qa4 Ba6 20. Rfd1 Rab8 21. Qa3 Be5 22. Bc5 Rfd8 23. Rxd8+ Rxd8 24. Rd1 Rd3 25. Re1 h5 26. Be3 Bd6 27. Qa4 Kh7 28. Qc2 Be5 29. Na4 c5 30. Bxc5 Bb5 31. Ba3 Bf4 32. Nc5 Rxa3 33.
Nxe6 Qe5 34. Nxf4 Rxa2 35. Nd5 Rxb2 36. Qc1 a4 37. Qe3 Bc6 38. Qc5 Bxd5 39. Qxd5 Qxd5 40. exd5 a3 41. d6 a2 42. d7 Rb1 43. d8=Q Rxe1+ 44. Kh2 a1=Q 45. Qc7+ Qg7 0-1

[Event "*** Titled Tuesday 3|2 Blitz"]
[Site "Chess.com"]
[Date "2016.02.02"]
[Round "8"]
[White "Mornar1951"]
[Black "AndroQueen"]
[Result "1-0"]
[WhiteElo "2593"]
[BlackElo "2411"]
[TimeControl "180+2"]
[EndTime "12:46:10 PST"]
[Termination "Mornar1951 won by resignation"]

1. e4 e6 2. d4 d5 3. Nd2 Nc6 4. Ngf3 Nf6 5. exd5 exd5 6. Bb5 Bd6 7. Ne5 O-O 8. Bxc6 bxc6 9. O-O c5 10. c3 cxd4 11.
cxd4 Bf5 12. Re1 Re8 13. Nb3 Ne4 14. f3 Nf6 15. Bg5 h6 16. Bh4 g5 17. Bf2 Nd7 18. Bg3 Nxe5 19. Bxe5 f6 20. Bxd6 Qxd6 21. Qd2 Bg6 22.
Nc5 Rxe1+ 23. Rxe1 Re8 24. g3 Rxe1+ 25. Qxe1 Kf7 26.
Kf2 Qb6 27. b3 h5 28. Qe2 h4 29. Kg2 hxg3 30. hxg3 Bf5 31. g4 Bc8 32. Qd2 a5 33. Kf2 Qd6 34. Kg2 Qb6 35. Qd3 Kg7 36. Qe3 Kf7 37. Qe1 Qb5 38. Kg3 Qb6 39. Qe3 Qd6+ 40. Kg2 Qb6 41. Qd3 Kg7 42. Qc3 Qb5 43. Qc2 Qb6 44. Qc3 Qb5 45. Qe3 Kf7 46. Qd3 Qxd3 47. Nxd3 f5 48. gxf5 Bxf5 49. Nc5 Kf6 50. Nb7 Bb1 51.
a3 Kf5 52. Kg3 Ke6 53. Nxa5 Kd6 54. Nb7+ Kc6 55. Nc5 Kb5 56. Kg4 1-0

[Event "*** Titled Tuesday 3|2 Blitz"]
[Site "Chess.com"]
[Date "2016.02.02"]
[Round "8"]
[White "HansCoolNiemann"]
[Black "Jahonas"]
[Result "0-1"]
[WhiteElo "2209"]
[BlackElo "2194"]
[TimeControl "180+2"]
[EndTime "12:46:10 PST"]
[Termination "Jahonas won by resignation"]

1. d4 c6 2. c4 Nf6 3. Bf4 g6 4. e3 Bg7 5. Nf3 O-O 6. Nc3 d5 7. h3 Bf5 8. Be2 Nbd7 9. O-O Ne4 10. Qb3 dxc4 11. Qxb7 Nxc3 12. bxc3 Nb6 13. Qxc6 Rc8 14. Qb7 Nd5 15. Rac1 Qa5 16. Be5 Nxc3 17. Bd1 Bd3 18.
Bxg7 Kxg7 19. Qxe7 Bxf1 20. Kxf1 Nxd1 21. Rxd1 c3 22.
Qe5+ Qxe5 23. Nxe5 Rc7 24. Rc1 Rb8 25. Nd3 Rb2 26.
Nc5 c2 27. Ke2 Rxa2 28. Kd3 Kf6 29. f4 Ke7 30. Rxc2 Rxc2 31. Kxc2 f5 32. Kd3 Kd6 33. g4 Rxc5 34. dxc5+ Kxc5 35. e4 fxe4+ 36. Kxe4 Kd6 37. Kd4 a5 38. Kc4 a4 39. Kb4 Kd5 40. Kxa4 Ke4 41. f5 gxf5 42. gxf5 Kxf5 43. Kb4 Kg5 44. Kc4 Kh4 45.
Kd4 Kxh3 46. Ke4 Kg4 47. Ke3 Kg3 48. Ke4 h5 49. Ke3 h4 50. Ke2 Kg2 51. Ke3 h3 0-1

[Event "*** Titled Tuesday 3|2 Blitz"]
[Site "Chess.com"]
[Date "2016.02.02"]
[Round "8"]
[White "VSERGUEI"]
[Black "spectralsoul"]
[Result "0-1"]
[WhiteElo "2450"]
[BlackElo "2571"]
[TimeControl "180+2"]
[EndTime "12:46:13 PST"]
[Termination "spectralsoul won on time"]

1. d4 Nf6 2. c4 e6 3. Nc3 Bb4 4. f3 d5 5. a3 Bxc3+ 6. bxc3 O-O 7. cxd5 exd5 8. e3 c5 9. Bd3 b6 10. Ne2 Ba6 11. O-O Re8 12. Ng3 Qc8 13. Ra2 Bxd3 14. Qxd3 Qa6 15. Qxa6 Nxa6 16. Re2 Rac8 17. e4 g6 18. Bg5 Kg7 19. Rfe1 Nc7 20. a4 Nd7 21. Bf4 dxe4 22. fxe4 Ne6 23. Be3 cxd4 24. cxd4 Rc4 25. d5 Nec5 26. Bxc5 Rxc5 27. Nf1 Ne5 28. Nd2 Nd3 29. Rd1 Nb2 30. Ra1 Rc2 31. Kf1 Nd3 32. Nf3 Rxe2 33. Kxe2 Nf4+ 34. Ke3 Nxd5+ 35. Kd4 Nf4 36.
Rc1 Ne2+ 0-1

[Event "*** Titled Tuesday 3|2 Blitz"]
[Site "Chess.com"]
[Date "2016.02.02"]
[Round "8"]
[White "Alexander_Donchenko"]
[Black "JusticeBot"]
[Result "1-0"]
[WhiteElo "2527"]
[BlackElo "2424"]
[TimeControl "180+2"]
[EndTime "12:46:24 PST"]
[Termination "Alexander_Donchenko won on time"]

1. d4 Nf6 2. c4 e6 3. g3 d5 4. Bg2 Be7 5. Nf3 O-O 6. O-O dxc4 7. Qc2 a6 8. a4 Bd7 9. Qxc4 Bc6 10. Bf4 a5 11. Nc3 Na6 12. Rac1 Nb4 13. Ne5 Bxg2 14. Kxg2 c6 15. e4 Ra6 16. Rfd1 Rb6 17. Qe2 Re8 18.
Nc4 Ra6 19. h4 h6 20. Rd2 Bf8 21. Rh1 Nd7 22. Qg4 Nf6 23. Qf3 Nd7 24. Rdd1 Ra8 25.
h5 Be7 26. g4 Rf8 27. Qe3 Ra6 28. Rdg1 Nc2 29. Qd2 Nb4 30. Kf1 Bg5 31. Bxg5 hxg5 32. e5 c5 33. Ne4 cxd4 34. h6 g6 35. Nxg5 f6 36. h7+ Kh8 37. exf6 Nxf6 38. Ne5 Qe8 39. Qxd4 Nbd5 40. Ngf7+ Kg7 41. h8=Q+ Rxh8 42. Rxh8 1-0

[Event "*** Titled Tuesday 3|2 Blitz"]
[Site "Chess.com"]
[Date "2016.02.02"]
[Round "8"]
[White "KyronGriffith"]
[Black "attack2mateU"]
[Result "1-0"]
[WhiteElo "2273"]
[BlackElo "2423"]
[TimeControl "180+2"]
[EndTime "12:46:24 PST"]
[Termination "KyronGriffith won by resignation"]

1. e4 c5 2. Nf3 d6 3. d4 cxd4 4. Nxd4 Nf6 5. Nc3 a6 6. Bg5 Nbd7 7. f4 Qc7 8. Qf3 h6 9. Bxf6 Nxf6 10. f5 Qc5 11.
O-O-O g5 12. Nb3 Qc7 13. Nd5 Nxd5 14. exd5 Bg7 15. Bd3 a5 16. a4 Bd7 17. Qe4 Bf6 18. Rhe1 Kf8 19. Kb1 b5 20. axb5 a4 21. Nd4 a3 22.
Nc6 axb2 23. c4 Kg7 24. Kc2 Ra1 25. Kd2 Rha8 26. Ke2 Rxd1 27. Rxd1 Bxc6 28. dxc6 d5 29.
cxd5 Qxh2 30. b6 Qd6 31. Rb1 Rb8 32. b7 Re8 33. Kf1 Be5 34. Qe2 Qf6 35. Be4 Rd8 36.
Qc4 e6 37. c7 Bxc7 38. Qxc7 exf5 39. Bf3 g4 40. b8=Q Rxb8 41. Qxb8 gxf3 42. Qxb2 fxg2+ 43. Kxg2 1-0

[Event "*** Titled Tuesday 3|2 Blitz"]
[Site "Chess.com"]
[Date "2016.02.02"]
[Round "8"]
[White "Sawyer2908"]
[Black "DanielRensch"]
[Result "1-0"]
[WhiteElo "2288"]
[BlackElo "2326"]
[TimeControl "180+2"]
[EndTime "12:46:30 PST"]
[Termination "Sawyer2908 won by resignation"]

1. e4 c5 2. Nf3 d6 3. d4 cxd4 4. Nxd4 Nf6 5. Nc3 g6 6. Be3 Bg7 7. f3 Nc6 8. Qd2 O-O 9. Bc4 Bd7 10. O-O-O Na5 11. Bb3 Rb8 12. h4 b5 13. h5 Nc4 14.
Bxc4 bxc4 15. Nd5 Nxd5 16. exd5 c3 17. Qxc3 Qb6 18. Nb3 Bxc3 19. Bxb6 Bxb2+ 20. Kxb2 Rxb6 21. Rd4 a5 22. a4 Kg7 23. Ka3 Rc8 24. hxg6 hxg6 25.
Rc1 Rc3 26. Rd3 Rxd3 27. cxd3 Bf5 28. Rc3 Ra6 29. g4 Bd7 30. Rc7 Be8 31. Rxe7 Kf8 32. Rc7 f6 33. Nd4 Bf7 34. Rc6 Rxc6 35. dxc6 Ke7 36. f4 d5 37. Nb3 Kd6 38. Nxa5 g5 39. f5 d4 40. Kb4 Bd5 41. Nb3 Bf3 42. Nxd4 Bxg4 43. a5 Kc7 44. Kc5 Bh3 45. a6 1-0

[Event "*** Titled Tuesday 3|2 Blitz"]
[Site "Chess.com"]
[Date "2016.02.02"]
[Round "8"]
[White "APL2001"]
[Black "Makalexa"]
[Result "1-0"]
[WhiteElo "2176"]
[BlackElo "2077"]
[TimeControl "180+2"]
[EndTime "12:46:31 PST"]
[Termination "APL2001 won by resignation"]

1. e4 e5 2. Nf3 Nc6 3. Bb5 g6 4. O-O Bg7 5. c3 a6 6. Ba4 d6 7. d4 Bd7 8. Be3 Nge7 9. Nbd2 O-O 10. Bb3 exd4 11. cxd4 Bg4 12. h3 Bxf3 13. Nxf3 d5 14. e5 Na5 15. Bc2 Nc4 16. b3 Nxe3 17. fxe3 Bh6 18.
Qe2 c6 19. Nh2 Nf5 20. Bxf5 gxf5 21. Rxf5 Qh4 22. Ng4 Bg7 23. Raf1 Kh8 24. Rxf7 Rxf7 25. Rxf7 Rg8 26. Qf2 Qh5 27. Rxb7 Qg6 28. Rf7 Qb1+ 29. Kh2 h5 30. Nf6 Rf8 31. Rxf8+ Bxf8 32. Nxh5 Be7 33. Qf7 Qh7 34. Qxh7+ Kxh7 35. g4 Kg6 36. Nf4+ Kf7 37. Kg3 c5 38. Nxd5 Bg5 39. Nf4 cxd4 40. exd4 a5 41. d5 Ke8 42. h4 Be7 43. d6 Bf8 44. h5 Bh6 45. Ne6 Kd7 46. g5 Bf8 47. Nxf8+ Ke8 48.
d7+ Kd8 49. h6 a4 50. h7 a3 51. h8=Q 1-0

[Event "*** Titled Tuesday 3|2 Blitz"]
[Site "Chess.com"]
[Date "2016.02.02"]
[Round "8"]
[White "kesarev"]
[Black "Nutflush"]
[Result "1-0"]
[WhiteElo "2168"]
[BlackElo "1889"]
[TimeControl "180+2"]
[EndTime "12:46:37 PST"]
[Termination "kesarev won on time"]

1. e4 d5 2. Nc3 Nf6 3. e5 d4 4. exf6 dxc3 5. fxg7 cxd2+ 6. Bxd2 Bxg7 7. c3 Nc6 8. Qc2 Bg4 9. Be2 Qd7 10. h3 Bf5 11. Qa4 O-O-O 12. Nf3 Qe6 13. Qc4 Qf6 14. O-O-O Bg6 15. Bg5 Qf5 16. Qg4 h6 17. Qxf5+ Bxf5 18.
Be3 Bf6 19. Nd2 Rhg8 20. g4 Be6 21. Bxh6 Bxa2 22. b3 Bxc3 23. Kc2 Bb4 24. Ra1 Nd4+ 25. Kb2 Bxd2 26. Bc4 Bxh6 27. Rxa2 Nc6 28. Bxf7 Rd2+ 29. Ka3 Rxa2+ 30. Kxa2 Rf8 31. Be6+ Kb8 32. Rf1 a6 33. h4 Nd4 34. Bc4 Bf4 35. Bd5 c6 36. Be4 e5 37.
Kb2 1-0

[Event "*** Titled Tuesday 3|2 Blitz"]
[Site "Chess.com"]
[Date "2016.02.02"]
[Round "8"]
[White "jcibarra"]
[Black "ZEN-22"]
[Result "1-0"]
[WhiteElo "2526"]
[BlackElo "2353"]
[TimeControl "180+2"]
[EndTime "12:46:49 PST"]
[Termination "jcibarra won by resignation"]

1. e4 d6 2. d4 c5 3. Nf3 cxd4 4. Nxd4 Nf6 5. Nc3 g6 6. Be3 Bg7 7. f3 Nbd7 8. g4 a6 9. h4 h5 10. g5 Nh7 11. f4 e5 12. Nf3 exf4 13. Bxf4 O-O 14.
Nd5 Re8 15. Bd3 Bxb2 16. Rb1 Bg7 17. O-O Ne5 18. Nxe5 dxe5 19. Be3 Bg4 20. Qe1 b5 21. a4 Rb8 22. axb5 axb5 23. Bxb5 Re6 24. Bc4 Rd6 25. Bc5 Nf8 26. Rxb8 Qxb8 27. Qf2 Be6 28. Ne7+ Kh7 29. Bxd6 Qxd6 30. Bxe6 Qxe6 31. Nd5 Nd7 32. Kh2 Qg4 33. Re1 Nc5 34. Rg1 Qxe4 35. Qxc5 Qxh4+ 36. Kg2 Qxg5+ 37. Kf2 Qh4+ 38. Ke2 f5 39. Ne7 Qe4+ 40. Kd1 Qf3+ 41. Kc1 Bh6+ 42. Kb1 Be3 43. Qc7 g5 44. Nd5+ Kg6 45.
Qd6+ Kh7 46. Qe7+ Kh6 47. Nxe3 Qxe3 48. Qf6+ Kh7 49. Qxf5+ Kh6 50. Qf6+ Kh7 51. Qxg5 Qb6+ 52. Kc1 1-0

[Event "*** Titled Tuesday 3|2 Blitz"]
[Site "Chess.com"]
[Date "2016.02.02"]
[Round "8"]
[White "LuckyTiger"]
[Black "tac49"]
[Result "1-0"]
[WhiteElo "2530"]
[BlackElo "2471"]
[TimeControl "180+2"]
[EndTime "12:47:00 PST"]
[Termination "LuckyTiger won on time"]

1. e4 e5 2. Nf3 Nc6 3. Bb5 a6 4. Ba4 Nf6 5. d3 d6 6. c3 g6 7. O-O Bg7 8. Re1 O-O 9. h3 Bd7 10.
Nbd2 Nh5 11. Nf1 h6 12. Bc2 Nf4 13. Bxf4 exf4 14. d4 g5 15. N3h2 Ne7 16. Qh5 c5 17. Rad1 cxd4 18. cxd4 Rc8 19. Bb3 d5 20. Ng4 Bxg4 21.
Qxg4 Kh8 22. e5 Qb6 23. Nh2 Qe6 24. Qf3 Rcd8 25. Ng4 Nf5 26. Bc2 Nh4 27. Qd3 Qg6 28. Qb3 Qe6 29. g3 Ng6 30. Qf3 h5 31. Nf6 g4 32. hxg4 hxg4 33. Nxg4 fxg3 34. fxg3 Kg8 35. Kg2 Qc6 36. Bf5 Qb6 37. Rd2 Ne7 38. Rh1 Ng6 39. Ne3 Rfe8 40. Qh5 Qa5 41. Rf2 1-0

[Event "*** Titled Tuesday 3|2 Blitz"]
[Site "Chess.com"]
[Date "2016.02.02"]
[Round "8"]
[White "Danirod"]
[Black "swayamsm"]
[Result "0-1"]
[WhiteElo "2387"]
[BlackElo "2544"]
[TimeControl "180+2"]
[EndTime "12:47:07 PST"]
[Termination "swayamsm won by resignation"]

1. e4 e6 2. d4 d5 3. Nd2 Nf6 4. e5 Nfd7 5. Bd3 c5 6. c3 Nc6 7. Ne2 cxd4 8. cxd4 f6 9. exf6 Nxf6 10. O-O Bd6 11.
Nf3 Qc7 12. Bd2 O-O 13. Rc1 Ne4 14. Ng3 Rxf3 15. Bxe4 Rxg3 16. Bxh7+ Kxh7 17. Qh5+ Kg8 18. fxg3 Bd7 19. Qf7+ Kh8 20. Bf4 e5 21. dxe5 Qb6+ 22. Kh1 Be8 23. Qe6 Bf8 24. Bg5 Bh5 25. g4 Re8 26.
Rxf8+ Rxf8 27. gxh5 Qxb2 28. h3 Qxe5 29. Qg6 Qf5 30.
Rb1 Ne5 31. Qxf5 Rxf5 32. Be3 b6 33. g4 Rf3 34. Bd4 Nc6 35. Bb2 Rxh3+ 36. Kg2 Re3 37.
Kf2 Re4 38. Kf3 Kh7 39. Rc1 Rc4 40. Rxc4 dxc4 41. Ke4 b5 42. g5 b4 43. Bc1 c3 44.
g6+ Kg8 45. Kd5 Na5 46. Be3 c2 47. Kd4 b3 48. axb3 Nxb3+ 49. Kc4 c1=Q+ 50. Bxc1 Nxc1 51.
Kb5 Nd3 52. Ka6 Nf4 53. Kxa7 Nxh5 54. Kb6 Nf4 0-1

[Event "*** Titled Tuesday 3|2 Blitz"]
[Site "Chess.com"]
[Date "2016.02.02"]
[Round "8"]
[White "kpio91"]
[Black "Gabrielian_Artur"]
[Result "0-1"]
[WhiteElo "2494"]
[BlackElo "2482"]
[TimeControl "180+2"]
[EndTime "12:47:32 PST"]
[Termination "Gabrielian_Artur won by resignation"]

1. d4 Nf6 2. Bg5 c5 3. d5 Ne4 4. Bc1 e6 5. c4 exd5 6. cxd5 d6 7. Nd2 Nxd2 8. Bxd2 Be7 9. e4 O-O 10. Bd3 Bf6 11.
Bc3 Bxc3+ 12. bxc3 f5 13. exf5 Qf6 14. Ne2 Bxf5 15.
O-O Bxd3 16. Qxd3 Nd7 17. Qb5 Nb6 18. a4 Rae8 19. Ng3 Nxd5 20. Qxb7 Nxc3 21. Qxa7 Ra8 22. Qd7 d5 23. a5 d4 24. Qc7 Rfc8 25. Qb7 Qc6 26. Qe7 Nd5 27. Qg5 h6 28. Qd2 Nc3 29. Rfe1 Ra7 30. h4 Rca8 31. Nf5 Qf6 32. g4 Kh7 33. h5 Qg5 34. Qxg5 hxg5 35. Re6 Nd5 36. Re5 Rd7 37. a6 d3 38. Rd1 c4 39. Ng3 Nf4 40. Rc5 Rd4 41. Nf5 Ne2+ 42. Kh2 Rxg4 43. Rc7 Rf4 44.
Nxg7 Rxf2+ 45. Kh3 Kh6 46. Ne6 Rxa6 47. Nd8 Raf6 48.
Rxc4 R6f3+ 0-1

[Event "*** Titled Tuesday 3|2 Blitz"]
[Site "Chess.com"]
[Date "2016.02.02"]
[Round "8"]
[White "nonsopolo1"]
[Black "Er_is_geen_hoop_meer"]
[Result "0-1"]
[WhiteElo "2150"]
[BlackElo "2308"]
[TimeControl "180+2"]
[EndTime "12:47:48 PST"]
[Termination "Er_is_geen_hoop_meer won by resignation"]

1. e4 c5 2. Nf3 e6 3. d4 cxd4 4.
Nxd4 Nc6 5. Nc3 Qc7 6. Nxc6 bxc6 7. Bd3 e5 8. O-O Nf6 9. f4 Bc5+ 10. Kh1 d6 11.
fxe5 dxe5 12. Bg5 Ng4 13. Qe1 f6 14. Bd2 Be6 15. h3 h5 16. Na4 Bd6 17. Bb4 c5 18. Bb5+ Kf7 19. Bd2 c4 20. b3 cxb3 21. cxb3 Rab8 22.
Be2 Qb7 23. Bf3 Rbc8 24. Rc1 Rxc1 25. Qxc1 Rc8 26. Qd1 a6 27. hxg4 hxg4 28. Bxg4 Rh8+ 29. Kg1 Qxe4 30. Bxe6+ Kxe6 31. Qf3 Qxf3 32. Rxf3 e4 33. Rf1 f5 34. Bf4 Be7 35. Rc1 g5 36. Bd2 Rd8 37.
Rc6+ Ke5 38. Bc3+ Kf4 39. Rxa6 g4 40. Kf2 Rd1 41. Ra5 g3+ 42. Ke2 Rg1 43. Be5+ Kg4 44. Ra7 Rxg2+ 45. Kf1 Rf2+ 46. Kg1 Bg5 47. Rg7 Rd2 48.
Bxg3 f4 49. Be1 Rd1 50. Kf1 e3 51. Nc3 Ra1 52. Ne4 f3 53. Rxg5+ Kf4 54. Rg8 Kxe4 55.
Re8+ Kd3 56. Rd8+ Ke4 57. Re8+ Kd3 58. Rd8+ Kc2 59. Rc8+ Kb2 60. Rc3 Rxe1+ 61. Kxe1 Kxc3 62. a4 Kd3 63. a5 f2+ 64. Kf1 Kd2 65. a6 e2+ 66. Kxf2 e1=Q+ 67. Kf3 Qa1 0-1

[Event "*** Titled Tuesday 3|2 Blitz"]
[Site "Chess.com"]
[Date "2016.02.02"]
[Round "8"]
[White "Winehouse83"]
[Black "kharposh"]
[Result "1-0"]
[WhiteElo "2295"]
[BlackElo "2061"]
[TimeControl "180+2"]
[EndTime "12:48:32 PST"]
[Termination "Winehouse83 won by resignation"]

1. d4 d5 2. c4 e6 3. Nf3 c5 4. cxd5 exd5 5. g3 Nc6 6. Bg2 Bg4 7. dxc5 Bxc5 8. O-O Nf6 9. a3 O-O 10. b4 Bb6 11. Bb2 Ne4 12. Nbd2 Qe7 13. Nb3 Rad8 14. Nbd4 Ne5 15. Nxe5 Qxe5 16. f3 Nd6 17. Kh1 Bh5 18.
f4 Qe3 19. Qd3 Bxd4 20. Qxd4 Qxd4 21. Bxd4 Bxe2 22. Rfe1 Bc4 23. Bxa7 Nb5 24. Bc5 Rfe8 25. a4 Nc3 26. Bb6 Ra8 27. a5 Ne4 28. Bxe4 dxe4 29. Kg1 f5 30. Rad1 Bd3 31. Kf2 Rec8 32. Rc1 Kf7 33. Ke3 Ke6 34. h3 Kd5 35. g4 g6 36.
gxf5 gxf5 37. Rg1 Rxc1 38. Rxc1 Rg8 39. Rc5+ Ke6 40. Re5+ Kf6 41. Bc5 Rg3+ 42. Kd4 Rf3 43. Be7+ Kg6 44. Bg5 Rxh3 45. Re6+ Kg7 46. Re7+ Kg6 47.
Rxb7 h6 48. Rb6+ Kg7 49. Bf6+ Kg6 50. Be5+ Kh5 51. a6 Bxa6 52. Rxa6 Rd3+ 53. Kc4 Kg4 54. Rxh6 Rd7 55. Rd6 Rc7+ 56. Kd4 Rb7 57. Kc5 e3 58.
Re6 e2 59. Bd6 Kf3 60. Kc6 Ra7 61. b5 Ra2 62. b6 Rc2+ 63. Kd7 Rb2 64. Bc7 Kf2 65.
Kc8 e1=Q 66. Rxe1 Kxe1 67. b7 Kf2 68. b8=Q Rxb8+ 69. Bxb8 Ke3 70. Kd7 Ke4 71. Ke6 1-0

[Event "*** Titled Tuesday 3|2 Blitz"]
[Site "Chess.com"]
[Date "2016.02.02"]
[Round "8"]
[White "KNVB"]
[Black "MateusViageiro"]
[Result "1-0"]
[WhiteElo "2390"]
[BlackElo "2173"]
[TimeControl "180+2"]
[EndTime "12:48:38 PST"]
[Termination "KNVB won on time"]

1. d4 Nf6 2. Bf4 e6 3. e3 b6 4. Nf3 Bb7 5. h3 c5 6. c3 Be7 7.
a4 O-O 8. a5 bxa5 9. Qa4 Nc6 10. Nbd2 d5 11. Nb3 cxd4 12. exd4 Qb6 13. Bd3 Ne4 14.
O-O Bd8 15. Rfe1 Nf6 16. Nc5 a6 17. Ra2 Bc8 18. Qc2 h6 19. Rea1 Be7 20. Nb3 Bd8 21.
Qd1 Re8 22. Bc2 Bd7 23. Nc5 Bc8 24. Qd3 Be7 25. Nb3 Ne4 26. Nfd2 f5 27. f3 Nxd2 28.
Qxd2 g5 29. Be3 Bd8 30. Nc5 Rb8 31. g4 Be7 32. Nb3 Bd8 33. Kg2 Qc7 34. Bf2 Qf7 35.
Nc5 Bb6 36. Na4 Bc7 37. Bd3 Rf8 38. Qe2 Bd6 39. Rh1 Bd7 40. Nc5 Bxc5 41. dxc5 e5 42. Bxa6 e4 43. fxe4 fxe4 44. Be3 Ne5 45. Rf1 Nf3 46. Rf2 h5 47. gxh5 Qxh5 48. Kf1 Bxh3+ 49. Rg2 Nh4+ 50. Ke1 Nf3+ 51. Kd1 Bxg2 52. Qxg2 Nh4+ 53. Qe2 g4 54. c6 Rbe8 55. c7 Nf3 56.
Rxa5 g3 57. Bb7 Qh1+ 58. Kc2 Ne1+ 59. Kb3 Nd3 60. Qg4+ Kh7 61. Rxd5 Rf7 62. Rxd3 exd3 63. Bxh1 Rxe3 64. c8=Q 1-0

[Event "*** Titled Tuesday 3|2 Blitz"]
[Site "Chess.com"]
[Date "2016.02.02"]
[Round "8"]
[White "BartoszSocko"]
[Black "GeorgMeier"]
[Result "0-1"]
[WhiteElo "2677"]
[BlackElo "2695"]
[TimeControl "180+2"]
[EndTime "12:49:07 PST"]
[Termination "GeorgMeier won on time"]

1. e4 e6 2. d4 d5 3. Nd2 dxe4 4. Nxe4 Nd7 5. Nf3 Ngf6 6. Bg5 h6 7. Nxf6+ Nxf6 8.
Bh4 c5 9. Bb5+ Bd7 10. Bxd7+ Qxd7 11. Bxf6 gxf6 12. O-O cxd4 13. Nxd4 Rd8 14. c3 Bg7 15. Re1 O-O 16. Qh5 Qd5 17. Qh4 Qg5 18. Qe4 Rd7 19. Rad1 Qd5 20. Qxd5 Rxd5 21. c4 Rd7 22. Nb5 Rfd8 23.
Rxd7 Rxd7 24. Nxa7 Rd2 25. Rb1 f5 26. Nb5 Bxb2 27. a4 b6 28. g3 Bf6 29. Rc1 Bb2 30.
Rb1 Bf6 31. Rc1 Ra2 32. c5 bxc5 33. Rxc5 Rxa4 34. Rc2 Be5 35. Re2 Bb8 36. Rd2 Kg7 37. Kg2 Be5 38. f4 Rb4 39. Nd6 Bd4 40. Rc2 Bb6 41.
Nc4 Bc7 42. Nd2 Bd6 43. Nf3 Kf6 44. Rd2 Ke7 45. Ra2 Rb7 46. Rc2 h5 47. Re2 Rd7 48.
Nd4 Kf6 49. Nf3 Bc5 50. Rc2 Bd6 51. Rd2 Ke7 52. Ng5 Rd8 53. Nf3 Rd7 54. Re2 Rc7 55. Nd4 Rc5 56. Ra2 Rd5 57. Nf3 Bc5 58. Rb2 Rd7 59.
Ne5 Rc7 60. Rc2 Bd6 61. Rxc7+ Bxc7 62. Nd3 f6 63. Kf3 e5 64. Nb4 Kd6 65. Nc2 Bb6 66. h3 e4+ 67. Ke2 Kd5 68. Nb4+ Kc5 69. Na6+ Kd6 70. Nb4 Bc5 71. Na2 Kd5 72. Nc3+ Kc4 73. Nd1 Bd4 74. Kd2 Kb3 0-1